 Dungeon Crawl Stone Soup version 0.23.0 (webtiles) character file.

Game seed: 5950506752422308208

35 Ivernyr the Insei (level 3, -7/18 HPs)
             Began as a Vine Stalker Transmuter on Feb 18, 2019.
             Killed from afar by Sigmund (9 damage)
             ... with a magic dart
             ... on level 2 of the Dungeon.
             The game lasted 00:04:11 (1118 turns).

Ivernyr the Insei (Vine Stalker Transmuter)         Turns: 1118, Time: 00:04:11

Health: -7/18      AC:  2    Str: 12    XL:     3   Next: 35%
Magic:  0/7        EV: 12    Int: 14    God:
Gold:   24         SH:  0    Dex: 14    Spells: 1/7 levels left

rFire    . . .     SeeInvis .     - Unarmed
rCold    . . .     Gourm    .   (no shield)
rNeg     . . .     Faith    .   b - +0 robe
rPois    .         Spirit   +   (no helmet)
rElec    .         Reflect  .   (no cloak)
rCorr    .         Harm     .   (no gloves)
MR       .....                  (no boots)
Stlth    +.........             (no amulet)
HPRegen  0.06/turn              (no ring)
MPRegen  0.10/turn              (no ring)

@: appendage
A: fangs 2, horns 2, magic shield, antimagic bite, no potion heal 3, rot
immunity
a: End Transformation


You were on level 2 of the Dungeon.
You were hungry.
You had grown temporary horns.
You visited 1 branch of the dungeon, and saw 2 of its levels.

You collected 24 gold pieces.

Inventory:

Missiles
 a - 34 arrows
Armour
 b - a +0 robe (worn)
Scrolls
 c - a scroll of identify {unknown}
 g - 2 scrolls of immolation {unknown}
Potions
 e - a potion of might {unknown}
 f - a potion of curing {unknown}
Comestibles
 d - a ration


   Skills:
 - Level 1.2 Fighting
 + Level 1.9 Dodging
 + Level 3.1 Unarmed Combat
 + Level 2.5 Spellcasting
 * Level 2.8 Transmutations


You had one spell level left.
You knew the following spells:

 Your Spells              Type           Power        Failure   Level  Hunger
a - Beastly Appendage     Tmut           #.....       7%          1    #......
b - Sticks to Snakes      Tmut           #.......     11%         2    ###....
c - Spider Form           Tmut/Pois      #.........   36%         3    ###....

Your spell library contained the following spells:

 Spells                   Type           Power        Failure   Level  Hunger
 Ice Form                 Ice/Tmut       #.......     77%         4    #####..
 Blade Hands              Tmut           #.........   89%         5    ######.


Dungeon Overview and Level Annotations

Branches:
Dungeon (2/15)

Altars:

Annotations:
D:2 Sigmund


Innate Abilities, Weirdness & Mutations

You have extremely sharp teeth.
When hurt, damage is shared between your health and your magic reserves.
Your bite disrupts and absorbs the magic of your enemies.
Potions cannot restore your health.
You are immune to rotting.
You have a pair of horns on your head.


Message History

Sigmund hits you from afar with a +0 scythe.
You see here a leather armour.
You hit Sigmund but do no damage. Sigmund hits you with a +0 scythe!
You hit Sigmund.
Sigmund is lightly wounded.
You hit Sigmund. You bite Sigmund, but do no damage.
Sigmund is lightly wounded.
Sigmund hits you with a +0 scythe.
You hit Sigmund. Your headbutt misses Sigmund.
Sigmund is moderately wounded.
Sigmund hits you with a +0 scythe!
* * * LOW HITPOINT WARNING * * *
You hit Sigmund. You headbutt Sigmund.
Sigmund is heavily wounded.
You completely miss Sigmund. Your bite misses Sigmund.
Sigmund is heavily wounded.
Sigmund gestures at you while chanting. The magic dart hits you!
Ouch! That really hurt!
You die...

#########
<.>....<#
.######.#
##.#########
#...@@......
#..#########
#..# #....
.....#
####... #..#
...


You could see Sigmund.

Vanquished Creatures
  A gnoll (D:1)
  2 dart slugs (D:1)
  A leopard gecko (D:1)
  4 bats (D:1)
  3 giant cockroaches (D:1)
  A goblin (D:1)
  3 hobgoblins (D:1)
  A jackal (D:1)
  A frilled lizard (D:1)
  2 kobolds (D:1)
  2 rats (D:1)
21 creatures vanquished.

Notes
Turn   | Place    | Note
-------+----------+-------------------------------------------
     0 | D:1      | Ivernyr the Vine Stalker Transmuter began the quest for the
                  | Orb.
     0 | D:1      | Reached XP level 1. HP: 9/9 MP: 4/4
    30 | D:1      | Reached skill level 1 in Fighting
   131 | D:1      | Reached XP level 2. HP: 14/14 MP: 4/6
   326 | D:1      | Learned a level 2 spell: Sticks to Snakes
   427 | D:1      | Reached XP level 3. HP: 15/18 MP: 4/7
  1103 | D:2      | Noticed Sigmund
  1109 | D:2      | Learned a level 3 spell: Spider Form
  1118 | D:2      | Killed from afar by Sigmund

Skill      XL: |  1 |
---------------+----+-----
Fighting       | 1 |  1.2
Dodging        | |  1.9
Unarmed Combat | |  3.1
Spellcasting   | |  2.5
Transmutations | |  2.8

Action                   || total
-------------------------++-------
Melee: Unarmed           ||    67
       Bite              ||    18
       Kick              ||     6
       Punch             ||     1
       Headbutt          ||     1
 Cast: Beastly Appendage ||    11
Armor: Robe              ||     9
Dodge: Dodged            ||    45
